 Dungeon Crawl Stone Soup version 0.30.0-18-gc0e69614cb (webtiles) character file.

Game seed: 6388206882269617393

679 KittyFluff the Cudgeller (level 7, -7/66 HPs)
             Began as a Gargoyle Berserker on May 10, 2023.
             Was a Believer of Trog.
             Killed from afar by an orc wizard (9 damage)
             ... with a magic dart
             ... on level 5 of the Dungeon on May 23, 2023.
             The game lasted 00:17:09 (3462 turns).

KittyFluff the Cudgeller (Gargoyle Berserker)       Turns: 3462, Time: 00:17:10

Health: -7/66      AC:  9    Str: 20    XL:     7   Next: 60%
Magic:  7/7        EV: 10    Int: 11    God:    Trog [**....]
Gold:   153        SH:  7    Dex: 10    Spells: 6/6 levels left

rFire   . . .        v - +1 flail (holy)
rCold   + . .        k - +0 kite shield
rNeg    + . .        o - +0 leather armour
rPois   ∞            (no helmet)
rElec   +            (no cloak)
rCorr   .            (no gloves)
SInv    .            w - +0 pair of boots
Will    .....        x - amulet of the acrobat Stlth
                     d - ring of protection from cold
HPRegen 0.31/turn    (no ring)
MPRegen 0.10/turn

%: acrobat
@: berserking (expiring), studying Polearms, very quick
A: sickness immunity, AC +4, negative energy resistance 1, electricity
resistance, torment resistance 1, petrification resistance, clever 1, noise
suppression
a: Renounce Religion, Berserk, Trog's Hand


You were on level 5 of the Dungeon.
You worshipped Trog.
Trog was pleased with you.
You visited 1 branch of the dungeon, and saw 5 of its levels.

You collected 153 gold pieces.

Inventory:

Hand Weapons
 a - a +0 mace
 q - a +0 morningstar
 r - a +0 sling
 v - a +1 flail of holy wrath (weapon)
Missiles
 m - 7 boomerangs (quivered)
 p - 2 silver javelins
 s - a boomerang of dispersal
Armour
 k - a +0 kite shield (worn)
 o - a +0 leather armour (worn)
 w - a +0 pair of boots (worn)
Jewellery
 d - a ring of protection from cold (left hand)
 x - an amulet of the acrobat (around neck)
Scrolls
 c - a scroll of fear {unknown}
 j - a scroll of brand weapon {unknown}
 l - 3 scrolls of teleportation
 t - a scroll of amnesia {unknown}
 y - a scroll of blinking {unknown}
 A - a scroll of vulnerability {unknown}
Potions
 b - a potion of mutation
 e - a potion of flight
 g - a potion of resistance
 h - a potion of magic {unknown}
 i - a potion of degeneration {unknown}
 u - 3 potions of heal wounds {unknown}
 z - a potion of invisibility {unknown}
 B - a potion of curing {unknown}
 C - a potion of haste {unknown}


   Skills:
 + Level 4.9 Fighting
 + Level 6.2 Maces & Flails
 + Level 3.2 Armour
 + Level 3.0 Dodging
 + Level 1.2 Stealth
 + Level 2.5 Shields


You had 6 spell levels left.
You didn't know any spells.
Your spell library was empty.

Dungeon Overview and Level Annotations

Branches:
Dungeon (5/15)
 Temple: D:4-7

Altars:
Kikubaaqudgha


Innate Abilities, Weirdness & Mutations

You are immune to sickness and miasma.
Your stone body is resilient. (AC +4)
You are immune to poison.
You resist negative energy. (rN+)
You are resistant to electric shocks. (rElec)
You are resistant to unholy torment.
You are immune to petrification.
Your mind is acute. (Int +4, Str/Dex -1)
You passively dampen the noise of your surroundings.


Message History

The steam dragon claws you but does no damage.
The gnoll hits you from afar with a +0 spear.
* * * LOW HITPOINT WARNING * * *
You sock the steam dragon!
The steam dragon is severely wounded.
The gnoll misses you.
A black bear comes into view.
You block the steam dragon's attack.
The steam dragon claws you but does no damage.
You completely miss the steam dragon.
The steam dragon is severely wounded.
The black bear growls angrily.
You block the steam dragon's attack. The steam dragon closely misses you.
The gnoll hits you but does no damage.
You sock the steam dragon!
The steam dragon is almost dead.
The steam dragon bites you.
* * * LOW HITPOINT WARNING * * *
You block the steam dragon's attack. The gnoll closely misses you.
You barely miss the steam dragon.
The steam dragon is almost dead.
The gnoll hits you but does no damage. The steam dragon bites you.
* * * LOW HITPOINT WARNING * * *
You block the steam dragon's attack.
You thump the steam dragon!
You kill the steam dragon!
Trog accepts your kill. You block the gnoll's attack.
Your Maces & Flails skill increases to level 6!
Your Dodging skill increases to level 3!
You bludgeon the gnoll!!
You kill the gnoll!
Trog accepts your kill.
You closely miss something. Something hits you but does no damage.
You miss something. You sock something!
You hear some strange, mumbled words.
A magic dart appears from out of thin air!
The magic dart hits you!
You die...

#... #... . #... ..
######## #... ...
#......# #... ....
#......# #... .....
##......# #...
......#####.......####...
......h.@{og...<.........
.####.#####..........##..
# .................#
...........#.#.#..#
#...........#.#.#..#
##....og....#.#<#.†#
#..........#.#!#..#
#.###.##'###....... #.
########


You could see a black bear, a gnoll and an orc.

Vanquished Creatures
  The ghost of SeerSkye the Chopper, an amateur MiFi (D:3)
  A steam dragon (D:5)
  A scorpion (D:5)
  A howler monkey (D:5)
  A sleepcap (D:4)
  An iguana (D:4)
  9 gnolls
  7 adders
  An ufetubus (D:5)
  A worm (D:4)
  2 dart slugs
  15 orcs
  5 bats
  3 endoplasms (D:1)
  A giant cockroach (D:1)
  5 goblins
  4 hobgoblins
  6 kobolds
  5 quokkas
  5 ball pythons
  5 frilled lizards
  8 rats
88 creatures vanquished.

Notes
Turn   | Place    | Note
-------+----------+-------------------------------------------
     0 | D:1      | KittyFluff the Gargoyle Berserker began the quest for the
                  | Orb.
     0 | D:1      | Reached XP level 1. HP: 14/14 MP: 1/1
   216 | D:1      | You fall into a shaft and drop 1 floor!
   233 | D:2      | Reached XP level 2. HP: 19/19 MP: 2/2
   520 | D:1      | Found a faded altar of an unknown god.
   594 | D:1      | Reached XP level 3. HP: 24/24 MP: 3/3
   974 | D:2      | Reached ** piety under Trog
  1144 | D:3      | Reached XP level 4. HP: 24/29 MP: 4/4
  1185 | D:3      | Reached skill level 4 in Maces & Flails
  1375 | D:3      | Reached skill level 1 in Shields
  1579 | D:3      | Found a large runed translucent door.
  1580 | D:3      | Found a large runed translucent door.
  1605 | D:3      | Noticed SeerSkye's ghost (amateur MiFi)
  1849 | D:3      | Reached XP level 5. HP: 33/33 MP: 5/5
  2154 | D:3      | Killed SeerSkye's ghost
  2155 | D:3      | Reached skill level 5 in Maces & Flails
  2155 | D:3      | Reached XP level 6. HP: 10/39 MP: 6/6
  2787 | D:4      | Reached skill level 1 in Stealth
  3236 | D:4      | Found an ancient bone altar of Kikubaaqudgha.
  3325 | D:4      | Upgraded the game from 0.30.0-5-g1a98f26d00 to
                  | 0.30.0-18-gc0e69614cb
  3326 | D:5      | Entered Level 5 of the Dungeon
  3357 | D:5      | Gained mutation: You passively dampen the noise of your
                  | surroundings. [potion of mutation]
  3357 | D:5      | Gained mutation: Your mind is acute. (Int +4, Str/Dex -1)
                  | [potion of mutation]
  3374 | D:5      | Reached XP level 7. HP: 40/44 MP: 7/7
  3438 | D:5      | Noticed a steam dragon
  3452 | D:5      | HP: 3/66 [gnoll/+0 spear (3)]
  3456 | D:5      | HP: 1/66 [steam dragon (2)]
  3457 | D:5      | Killed a steam dragon
  3458 | D:5      | Reached skill level 6 in Maces & Flails
  3462 | D:5      | Killed from afar by an orc wizard

Illustrated notes

Levels and vault maps discovered:
D:1:      dpeg_arrival_simpleton_b, layout_rooms,
          hellmonk_ecumenical_altar_arch_garden
D:2:      layout_rooms, serial_bayou_crossing
D:3:      layout_basic, ebering_ghost_disaster_area
D:4:      layout_basic, lemuel_crystal_altar, serial_co_window_serial,
          co_window_cross_1, co_window_paths_a, co_window_corner_a,
          co_window_of_opportunity_a, co_window_paths_b, co_window_2corner,
          co_window_corner_cb, co_window_unsneaky_path_b, glass_columns_a,
          glass_columns_b, glass_columns_b, glass_columns_b
D:5:      layout_basic, serial_shops, nicolae_shop_window_shopping,
          gammafunk_ghost_necromancy

Skill      XL: |  1  2  3  4  5  6  7 |
---------------+----------------------+-----
Maces & Flails | 4 5 6 |  6.2
Fighting       | 4 |  4.9
Shields        | 1 2 |  2.5
Dodging        | 2 3 |  3.0
Armour         | 3 |  3.2
Stealth        | 1 |  1.2

Action                     |  1- 3 |  4- 6 |  7- 9 || total
---------------------------+-------+-------+-------++-------
  Melee: Mace              |   110 |   101 |       ||   211
         Flail             |       |    75 |    35 ||   110
 Invoke: Berserk           |       |     3 |     1 ||     4
    Use: Scroll            |       |     5 |       ||     5
         Potion            |       |     1 |       ||     1
 Armour: Animal skin       |    29 |       |       ||    29
         Leather armour    |    16 |    61 |    17 ||    94
  Dodge: Dodged            |    59 |    85 |    25 ||   169
  Block: Kite shield       |    28 |    76 |    19 ||   123
